Map: New Gettysburg LE

Players

ÐÐÐK - Winner!

  • Race: Zerg Zerg
  • Spawn Location: 7:00

Amix

  • Race: Zerg Zerg
  • League: Platinum
  • Spawn Location: 5:00

VOD

Have the link to the VOD?

Description

Time

  • Played on: Nov. 6, 2016, 10:05 a.m.
  • Length: 14:14
Show
View Real Time Build Order
Export as new Build Order

ÐÐÐK Zerg - Winner!

Build Orders: Pool First 

Get SALT Encoding   

  12  0:01  Drone  
  13  0:13  Overlord  
  13  0:22  Drone  
  14  0:31  Drone x2  
  16  0:36  Drone  
  17  0:58  Drone  
  17  0:59  Spawning Pool  
  17  1:02  Extractor  
  17  1:03  Drone  
  17  1:09  Drone  
  18  1:22  Overlord  
  18  1:31  Drone  
  19  1:42  Drone  
  20  1:51  Spine Crawler  
  20  1:53  Queen  
  21  1:55  Zergling x2  
  22  2:02  Zergling x2  
  22  2:04  Metabolic Boost  
  23  2:16  Zergling x2  
  24  2:26  Drone  
  25  2:31  Hatchery  
  25  2:35  Drone  
  25  2:43  Baneling Nest  
  24  2:46  Zergling x2  
  25  2:59  Zergling x2  
  26  3:05  Drone  
  26  3:06  Drone x2  
  29  3:19  Overlord  
  29  3:29  Baneling x4  
  29  3:31  Drone  
  30  3:36  Overlord, Queen  
  32  3:47  Drone x3  
  32  3:48  Roach Warren  
  34  3:55  Queen  
  36  4:05  Drone x4  
  40  4:14  Lair  
  40  4:37  Drone x6  
  44  4:44  Baneling x3  
  44  4:45  Baneling x3  
  44  4:55  Zergling x8  
  48  5:05  Spine Crawler x2  
  48  5:06  Spine Crawler  
  45  5:12  Drone x2  
  45  5:13  Drone x2  
  49  5:22  Baneling x2  
  49  5:23  Baneling x3  
  41  5:39  Roach x2  
  44  5:47  Extractor  
  44  5:48  Roach  
  44  5:49  Zergling x6  
  48  6:11  Baneling x2  
  48  6:13  Drone x4  
  51  6:39  Zergling x2  
  52  6:43  Overlord x4  
  36  7:04  Zergling x6  
  25  7:17  Zergling x4  
  25  7:18  Zergling x4  
  21  7:24  Baneling x4  
  21  7:32  Zergling x4  
  22  7:41  Spawning Pool  
  19  7:45  Drone x2  
  19  7:48  Baneling x4  
  21  7:55  Drone x2  
  21  8:06  Drone x2  
  22  8:27  Drone x4  
  22  8:33  Zergling x2  
  22  8:34  Queen, Zergling x2  
  29  8:50  Drone x2  
  31  8:58  Queen  
  31  9:00  Roach Warren  
  31  9:01  Zergling x2  
  31  9:02  Zergling x2  
  22  9:10  Queen  
  22  9:15  Zergling x8  
  28  9:28  Zergling x4  
  28  9:30  Baneling  
  28  9:31  Baneling  
  30  9:39  Baneling x3  
  30  9:40  Baneling x2  
  30  9:42  Drone x2  
  32  9:50  Drone x2  
  33  10:12  Evolution Chamber  
  32  10:16  Baneling  
  32  10:17  Baneling  
  32  10:29  Roach  
  32  10:30  Roach  
  36  10:43  Drone x7  
  36  10:44  Drone x2  
  35  11:09  Zergling x8  
  38  11:19  Zergling x2  
  38  11:20  Zergling x4  
  38  11:23  Baneling x5  
  38  11:24  Baneling x2  
  40  11:37  Baneling x2  
  37  11:56  Zergling x12  
  43  12:13  Drone x4  
  42  12:36  Roach x2  
  42  12:37  Roach  
  46  12:50  Zergling x12  
  47  13:04  Zergling x2  
  47  13:05  Zergling x4  
  49  13:17  Zergling x2  
  49  13:18  Zergling x6  
  53  13:24  Extractor  
  53  13:25  Extractor  
  53  13:26  Baneling x5  
  51  13:30  Baneling  
  50  13:48  Zergling x14  
Show
View Real Time Build Order
Export as new Build Order

Amix Zerg 

Build Orders: Pool First 

Get SALT Encoding   

  12  0:02  Drone  
  13  0:08  Drone  
  14  0:15  Extractor  
  14  0:16  Drone  
  14  0:36  Spawning Pool  
  14  0:39  Drone  
  14  0:42  Extractor  
  14  0:46  Drone  
  15  0:58  Overlord  
  15  1:17  Drone x3  
  18  1:24  Metabolic Boost  
  18  1:29  Drone  
  19  1:35  Queen  
  21  1:42  Drone  
  22  1:51  Drone, Evolution Chamber  
  22  2:01  Overlord  
  22  2:19  Overlord  
  22  2:25  Zergling x2  
  23  2:35  Zergling x2  
  24  2:40  Hatchery  
  24  2:43  Zergling x2  
  24  2:48  Zerg Melee Weapons Level 1  
  24  2:50  Zergling x2  
  24  2:51  Zergling x4  
  27  3:03  Zergling x2  
  28  3:24  Zergling x8  
  32  3:32  Overlord  
  32  3:45  Zergling x2  
  32  3:46  Baneling Nest  
  32  3:50  Queen  
  34  3:55  Queen  
  34  4:00  Zergling x4  
  38  4:14  Drone x3  
  41  4:24  Zergling x2  
  41  4:25  Zergling x2  
  37  4:47  Zergling x8  
  37  4:48  Zergling x2  
  42  5:02  Baneling  
  42  5:03  Baneling x4  
  34  5:34  Zergling x12  
  34  5:35  Zergling x12  
  43  5:52  Zergling x2  
  44  6:08  Overlord x4  
  44  6:25  Queen  
  36  6:49  Zergling x12  
  36  6:50  Zergling x12  
  35  7:28  Zergling x16  
  37  7:50  Zergling x2  
  37  7:51  Zergling x8  
  41  8:09  Zerg Ground Armor Level 1  
  41  8:14  Lair  
  41  8:19  Drone x3  
  40  8:35  Baneling x2  
  40  8:36  Baneling x9  
  29  9:20  Zergling x16  
  29  9:21  Zergling x10  
  41  9:34  Zergling x6  
  42  10:16  Baneling  
  42  10:17  Baneling x9  
  42  10:21  Drone x3  
  42  10:22  Drone x7  
  52  10:29  Extractor x2  
  42  11:08  Baneling  
  38  11:33  Zergling x8  
  38  11:34  Zergling x10  
  29  12:02  Drone x4  
  29  12:03  Drone  
  34  12:13  Drone x7  
  41  12:18  Baneling x4  
  34  12:43  Zergling x2  
  34  12:44  Zergling x18  
  38  13:03  Drone x4  
  42  13:07  Baneling x2  
  42  13:15  Drone x6  
  48  13:24  Spine Crawler  
  47  13:32  Baneling  
Tags
 
Add a new tag
Caveats
  • Supply blocks, unpowered buildings, or Contaminate may cause inaccurate times.
  • Supply counts are checked every 10 seconds.